 Dungeon Crawl Stone Soup version 0.30.0-18-gc0e69614cb (webtiles) character file.

Game seed: 8172058895513028586

130 monsoonserge the Conjurer (level 4, -1/27 (39) HPs)
             Began as a Draconian Reaver on May 23, 2023.
             Slain by an orc
             ... wielding a +0 trident
              (2 damage)
             ... on level 3 of the Dungeon.
             The game lasted 00:07:02 (2403 turns).

monsoonserge the Conjurer (Draconian Reaver)        Turns: 2403, Time: 00:07:02

HP:   -1/27 (39)    AC:  6    Str: 22    XL:     4   Next: 89%
MP:   5/7           EV: 12    Int: 13    God:
Gold: 146           SH:  0    Dex: 10    Spells: 6/7 levels left

rFire   . . .        a - +0 mace
rCold   . . .        (no shield)
rNeg    . . .        (body armour unavailable)
rPois   .            (helmet restricted)
rElec   .            h - +0 cloak
rCorr   .            (no gloves)
SInv    .            (no boots)
Will    .....        (no amulet)
Stlth   +            p - +6 ring of strength
HPRegen 0.24/turn    (no ring)
MPRegen 0.10/turn

%: no passive effects
@: very heavily drained
A: AC +5, unfitting armour, cold-blooded
a: no special abilities


You were on level 3 of the Dungeon.
You visited 1 branch of the dungeon, and saw 3 of its levels.

You collected 146 gold pieces.

Inventory:

Hand Weapons
 a - a +0 mace (weapon)
Missiles
 g - 4 poisoned darts (quivered)
 l - 6 datura-tipped darts
 m - a throwing net
Armour
 h - a +0 cloak (worn)
Jewellery
 p - a +6 ring of strength (left hand)
Scrolls
 b - a scroll of fear {unknown}
 c - 2 scrolls of teleportation {unknown}
 d - a scroll of brand weapon {unknown}
 e - a scroll of silence {unknown}
 i - 3 scrolls of fog {unknown}
 k - a scroll of enchant weapon {unknown}
 n - a scroll of identify {unknown}
 o - a scroll of magic mapping {unknown}
Potions
 f - a potion of curing {unknown}
 j - a potion of heal wounds {unknown}


   Skills:
 + Level 3.6 Fighting
 - Level 3.2 Maces & Flails
 + Level 2.7 Dodging
 + Level 0.7 Stealth
 + Level 2.2 Spellcasting
 + Level 3.6 Conjurations
 * Level 0.5 Necromancy


You had 6 spell levels left.
You knew the following spells:

 Your Spells              Type           Power      Damage    Failure   Level
a - Kiss of Death         Conj/Necr      24%        2d7       11%         1

Your spell library contained the following spells:

 Spells                   Type           Power      Damage    Failure   Level
 Momentum Strike          Conj/Tloc      12%        3d8       19%         2
 Sublimation of Blood     Necr           2%         N/A       30%         2
 Hailstorm                Conj/Ice       6%         3d4       34%         3
 Petrify                  Tmut/Erth      1%         N/A       94%         4
 Irradiate                Conj/Tmut      3%         3d12      97%         5
 Chain Lightning          Conj/Air       3%         3d4       100%        9
 Fire Storm               Conj/Fire      3%         8d1       100%        9
 Shatter                  Erth           0%         3d5*      100%        9


Dungeon Overview and Level Annotations

Branches:
Dungeon (3/15)

Altars:
Dithmenos

Shops:
D:1 *


Innate Abilities, Weirdness & Mutations

Your plain brown scales are hard. (AC +5)
You cannot fit into any form of body armour.
You are cold-blooded and may be slowed by cold attacks.


Message History

The orc hits you from afar with a +0 trident!
The orc hits you with a +0 flail.
You miss the adder.
The orc shouts!
Your tail-slap misses the adder.
The adder is almost dead.
The giant cockroach misses you. The adder bites you but does no damage.
The giant cockroach bites you but does no damage.
The adder bites you but does no damage. The orc barely misses you.
The orc completely misses you.
You barely miss the adder.
The adder is almost dead.
The adder bites you but does no damage. The giant cockroach closely misses you.
The orc hits you but does no damage.
The orc hits you from afar with a +0 trident.
* * * LOW HITPOINT WARNING * * *
Unknown command.
You closely miss the adder.
The adder is almost dead.
The adder misses you.
The giant cockroach bites you but does no damage.
The orc hits you but does no damage. The orc barely misses you.
The adder closely misses you.
The giant cockroach bites you but does no damage.
You completely miss the adder.
The adder is almost dead.
The adder bites you but does no damage. The orc barely misses you.
An orc comes into view. It is wielding a +0 whip.
The orc closely misses you. The giant cockroach barely misses you.
The adder bites you but does no damage.
You miss the adder.
Your tail-slap misses the adder.
The adder is almost dead.
The giant cockroach bites you but does no damage.
The orc hits you with a +0 flail!
* * * LOW HITPOINT WARNING * * *
The orc barely misses you. The adder misses you.
The giant cockroach bites you but does no damage.
The orc barely misses you. The orc closely misses you.
The orc hits you from afar with a +0 trident.
You die...

...# #...###..........#
#..
...#####..#...........#
....
.....###..............#
.#..
...#.......#..........#
###
..######...##........#
.## .....##........# .
................# .
..................# .
........##...@o...#
........(...oBSo..#
...........o.....
.......##..#.##..
...... .....o. . ......
.....o.) ......
......... ...
..........


You could see an adder (very drained), 6 orcs and a giant cockroach.

Vanquished Creatures
  5 adders
  2 adder zombies (D:2)
  2 adder skeletons (D:2)
  2 worms
  2 dart slugs (D:2)
  3 orcs
  A bat skeleton (D:2)
  4 endoplasms
  2 giant cockroaches
  3 goblins
  4 hobgoblins
  5 jackals
  4 quokkas
  2 ball pythons
  2 ball python skeletons (D:2)
  6 bats
  2 frilled lizards
  6 kobolds
  A quokka zombie (D:2)
  4 rats
62 creatures vanquished.

Notes
Turn   | Place    | Note
-------+----------+-------------------------------------------
     0 | D:1      | monsoonserge the Draconian Reaver began the quest for the
                  | Orb.
     0 | D:1      | Reached XP level 1. HP: 17/17 MP: 3/3
   200 | D:1      | Reached XP level 2. HP: 24/24 MP: 5/5
   391 | D:1      | Found Isaasyoz's Assorted Antiques.
  1008 | D:2      | Reached XP level 3. HP: 29/30 MP: 6/6
  1238 | D:2      | Found a faded altar of an unknown god.
  1352 | D:2      | Reached XP level 4. HP: 23/38 MP: 7/7
  2242 | D:3      | Found a shadowy altar of Dithmenos.
  2352 | D:3      | Identified the +1 ring mail of Dim Light {rC+ Str+3}
  2403 | D:3      | HP: 1/27 [orc/+0 flail (8)]
  2403 | D:3      | Slain by an orc

Illustrated notes

Levels and vault maps discovered:
D:1:      heliophobic_arrival_enchanted_forest, layout_basic, serial_shops, shop
D:2:      layout_basic, serial_undead, serial_undead_c, serial_undead_d,
          serial_undead_a, serial_undead_d, dreamdust_ecumenical_altar_grove,
          chequers_decorated_corner
D:3:      layout_rooms, nicolae_dithmenos_shadow_blocks

Skill      XL: |  1  2  3 |
---------------+----------+-----
Dodging        | 2 |  2.7
Fighting       | 3 |  3.6
Maces & Flails | |  3.2
Stealth        | |  0.7
Spellcasting   | |  2.2
Conjurations   | |  3.6
Necromancy     | |  0.5

Action                     |  1- 3 |  4- 6 || total
---------------------------+-------+-------++-------
  Melee: Mace              |   146 |    92 ||   238
         Tailslap          |     8 |    11 ||    19
         Punch             |     2 |       ||     2
   Cast: Kiss of Death     |       |     2 ||     2
 Armour: Skin              |    61 |    58 ||   119
  Dodge: Dodged            |   111 |   116 ||   227
